 Dungeon Crawl Stone Soup version 0.22.1-6-g1668fe2 (console) character file.

33051 erker the Fencer (level 13, -2/122 HPs)
             Began as a Minotaur Gladiator on Jan 30, 2019.
             Was a High Priest of Dithmenos.
             Slain by a swamp worm (33 damage)
             ... on level 6 of the Lair of Beasts.
             The game lasted 00:46:44 (14000 turns).

erker the Fencer (Minotaur Gladiator)              Turns: 14000, Time: 00:46:45

Health: -2/122     AC: 19    Str: 27    XL:     13   Next: 34%
Magic:  12/12      EV: 20    Int:  5    God:    Dithmenos [*****.]
Gold:   1207       SH:  0    Dex: 18    Spells: 12/12 levels left

rFire    . . .     SeeInvis +   a - +5 scimitar (flame)
rCold    . . .     Gourm    .   (no shield)
rNeg     . . .     Faith    .   g - +3 ring mail of Acwuyc {rPois Str+4 Dex+5}
rPois    +         Spirit   .   Q - +0 hat {SInv}
rElec    .         Reflect  .   c - scarf {repulsion}
rCorr    .         Harm     +   K - +0 pair of gloves
MR       .....                  V - +1 pair of boots {run}
Stlth    +++++.....             Y - amulet "Tunuf Mas" {Harm *Drain Stlth+}
HPRegen  0.30/turn              G - +2 ring of protection
MPRegen  0.13/turn              R - +4 ring of protection

@: wreathed by umbra, drained, repel missiles, quick
A: retaliatory headbutt, horns 2
a: Shadow Step, Shadow Form, Renounce Religion


You were on level 6 of the Lair of Beasts.
You worshipped Dithmenos.
Dithmenos was extremely pleased with you.
You were not hungry.

You visited 3 branches of the dungeon, and saw 18 of its levels.
You also visited: Labyrinth and Sewer.

You collected 1207 gold pieces.

Inventory:

Hand Weapons
 a - a +5 scimitar of flaming (weapon)
 b - a +4 shortbow
 H - a +4 great sword
Missiles
 d - 6 throwing nets (quivered)
 k - 56 bolts
 l - 193 arrows
 u - 32 javelins
 B - 13 curare-tipped needles
Armour
 c - a scarf of repulsion (worn)
 g - the +3 ring mail of Acwuyc (worn) {rPois Str+4 Dex+5}
   (You found it on level 5 of the Dungeon)

   It affects your strength (+4).
   It affects your dexterity (+5).
   It protects you from poison.
 t - +0 ice dragon scales
 v - +0 fire dragon scales
 K - a +0 pair of gloves (worn)
 Q - a +0 hat of see invisible (worn)
 S - a +1 cloak of magic resistance
 V - a +1 pair of boots of running (worn)
Jewellery
 G - a +2 ring of protection (left hand)
 O - an uncursed ring of protection from fire
 R - a +4 ring of protection (right hand)
 W - a cursed amulet of inaccuracy {unknown}
 X - an uncursed amulet of the gourmand {unknown}
 Y - the amulet "Tunuf Mas" (around neck) {Harm *Drain Stlth+}
   (You found it in a labyrinth)

   [amulet of harm]

   It increases damage dealt and taken.
   It causes draining when unequipped.
   It makes you more stealthy.
Wands
 y - a wand of paralysis (6)
 E - a wand of disintegration (3)
 I - a wand of polymorph (8)
 N - a wand of iceblast (6)
 P - a wand of scattershot (6)
 T - a wand of clouds (7)
 U - a wand of flame (5)
 Z - a wand of acid (7)
Scrolls
 e - 5 scrolls of immolation
 i - a scroll of enchant armour
 x - 10 scrolls of teleportation {unknown}
 A - a scroll of amnesia
 C - 3 scrolls of enchant weapon
 F - 3 scrolls of identify
 M - 11 scrolls of remove curse
Potions
 h - 2 potions of mutation
 m - 4 potions of flight
 n - a potion of ambrosia
 o - 3 potions of curing
 p - 2 potions of might
 q - a potion of haste
 r - 4 potions of heal wounds
 w - a potion of magic
 z - 2 potions of resistance
 D - a potion of invisibility
 L - 2 potions of berserk rage
Comestibles
 f - 25 rations
 s - 3 chunks of flesh


   Skills:
 + Level 13.1(12.5) Fighting
 + Level 15.9(15.3) Long Blades
 - Level 2.0(1.5) Throwing
 + Level 10.0(9.4) Armour
 * Level 12.3(11.7) Dodging
 + Level 4.3(3.8) Stealth
 + Level 1.1(0.7) Evocations


You had 12 spell levels left.
You didn't know any spells.
Your spell library contained the following spells:

 Spells                   Type           Power        Failure   Level  Hunger
 Animate Skeleton         Necr           N/A          58%         1    ##.....
 Corona                   Hex            #......      58%         1    ##.....
 Pain                     Necr           #...         58%         1    ##.....
 Sandblast                Erth           #.....       58%         1    ##.....
 Ensorcelled Hibernation  Hex/Ice        #.....       73%         2    ###....
 Passwall                 Tmut/Erth      #.......     73%         2    ###....
 Confuse                  Hex            #.......     91%         3    ####...
 Dazzling Spray           Conj/Hex       #.....       91%         3    ####...
 Regeneration             Chrm/Necr      #.........   91%         3    ####...
 Static Discharge         Conj/Air       #.......     91%         3    ####...
 Stone Arrow              Conj/Erth      #.....       91%         3    ####...
 Tukima's Dance           Hex            #.......     91%         3    ####...
 Vampiric Draining        Necr           #.........   91%         3    ####...
 Animate Dead             Necr           N/A          100%        4    #####..
 Petrify                  Tmut/Erth      #.......     100%        4    #####..
 Lee's Rapid Deconstruct  Erth           #.........   100%        5    ######.
 Lightning Bolt           Conj/Air       #.........   100%        5    ######.
 Ignition                 Fire           #.........   100%        8    #######
 Shatter                  Erth           #.........   100%        9    #######
 Tornado                  Air            #.........   100%        9    #######


Dungeon Overview and Level Annotations

Branches:
Dungeon (11/15)            Temple (1/1) D:6            Lair (6/6) D:11
  Swamp (0/4) Lair:3        Snake (0/4) Lair:4          Orc (0/2) D:9
  Slime: Lair:5-6

Altars:
Ashenzari
Cheibriados
Dithmenos
Elyvilon
Fedhas
Gozag
Hepliaklqana
Kikubaaqudgha
Makhleb
Nemelex Xobeh
Okawaru
Qazlal
Ru
Sif Muna
Trog
Uskayaw
Vehumet
Wu Jian
Xom
Yredelemnul
Zin
The Shining One

Annotations:
D:10 exclusion: ice statue


Innate Abilities, Weirdness & Mutations

You reflexively headbutt those who attack you in melee.
You have a pair of horns on your head.


Message History

The swamp worm goes berserk!
You see here the centaur corpse of Nessos.
You hit the tyrant leech but do no damage.
You headbutt the tyrant leech, but do no damage.
The swamp worm closely misses you. You furiously retaliate!
You headbutt the swamp worm. The tyrant leech bites you!
The tyrant leech draws strength from your injuries!
You barely miss the tyrant leech. Your headbutt misses the tyrant leech.
The swamp worm bites you but does no damage.
You closely miss the moth of wrath. Your headbutt misses the moth of wrath.
The swamp worm bites you!!
* * * LOW HITPOINT WARNING * * *
The tyrant leech misses you. The moth of wrath barely misses you.
You furiously retaliate!
You headbutt the moth of wrath!
You riposte.
You slash the moth of wrath! You burn the moth of wrath.
You headbutt the moth of wrath!
You kill the moth of wrath!
Dithmenos accepts your kill. The swamp worm bites you!!
You die...

##?...... ##........
...#####
#####.....#.#..#....#.P##
##≈≈........##.#.......P.#
≈≈≈≈≈.≈....##.# #.........
≈≈≈≈≈≈)≈#.....###....P....
#≈≈≈≈.....###......P#..
#≈†..@....###....P....
#≈≈.ww.....#..........
##≈†...................
######≈≈≈......###.......P.#
c≈≈≈≈≈≈≈≈#.#.### ##........#
≈≈≈≈≈≈≈####(.# #.P.....#.
≈#≈≈### #..# ##.PP......
..≈# ##.# #..PPP..... w. #
#..### ##P.P.!?.#.


You could see a tyrant leech (berserk) and a swamp worm (berserk).

Vanquished Creatures
  Gastronok (Lair:3)
  A minotaur (Lab)
  A fire dragon (Lair:3)
  Fannar (D:10)
  Harold (D:10)
  6 hydras
  Erica (D:10)
  2 two-headed ogres
  Urug (Lair:6)
  Sonja (Lair:6)
  Nergalle (Lair:1)
  An oklob plant (Lair:4)
  A moth of wrath (Lair:6)
  2 black mambas (Lair:1)
  2 komodo dragons
  A kobold demonologist (D:11)
  6 spiny frogs
  A minotaur skeleton (Lab)
  4 tyrant leeches (Lair:6)
  Grinder (D:4)
  A meliai (Lair:6)
  Prince Ribbit (D:7)
  8 blink frogs
  A bog body (Lair:3)
  12 dream sheep
  8 hippogriffs
  A spriggan (D:8)
  A redback (Lab)
  A wyvern (D:11)
  13 yaks
  2 wraiths
  Eustachio (D:4)
  A basilisk (Lair:4)
  3 hungry ghosts (Lab)
  Menkaure (D:4)
  3 swamp worms (Lair:3)
  2 nagas (Lair:4)
  8 water moccasins
  4 ice beasts
  6 porcupines
  3 orc warriors
  4 sky beasts
  5 ogres
  A phantom (D:8)
  A black bear (D:8)
  A centaur (D:9)
  5 crocodiles
  2 big kobolds
  8 bullfrogs
  4 scorpions
  2 spriggan skeletons (Lab)
  8 wights
  3 electric eels (Lair:3)
  4 howler monkeys
  A centaur zombie (D:7)
  6 crimson imps
  A quasit (D:8)
  6 hounds
  A bullfrog skeleton (D:4)
  3 orc priests
  3 centaur skeletons
  2 iguanas (D:10)
  7 orc wizards
  4 worker ants
  A killer bee zombie (D:8)
  2 ogre skeletons (Lab)
  A hound zombie (D:6)
  A hound skeleton (D:6)
  14 gnolls
  14 adders
  2 oozes
  An adder zombie (D:5)
  2 adder skeletons
  8 worms
  A dart slug (D:4)
  6 leopard geckos
  36 orcs
  2 bat skeletons (D:2)
  2 bat zombies (D:2)
  5 giant cockroaches
  5 goblins
  4 hobgoblins
  20 jackals
  13 kobolds
  2 quokkas
  2 ball pythons (Sewer)
  11 bats
  7 frilled lizards
  2 quokka skeletons
  6 rats
  7 plants
376 creatures vanquished.

Vanquished Creatures (others)
  3 fungi
  8 plants
11 creatures vanquished.

Grand Total: 387 creatures vanquished

Notes
Turn   | Place    | Note
-------+----------+-------------------------------------------
     0 | D:1      | erker the Minotaur Gladiator began the quest for the Orb.
     0 | D:1      | Reached XP level 1. HP: 18/18 MP: 0/0
   116 | D:1      | Reached skill level 4 in Long Blades
   122 | D:1      | Reached XP level 2. HP: 24/25 MP: 1/1
   390 | D:2      | Found an iron altar of Okawaru.
   562 | D:2      | Reached XP level 3. HP: 30/30 MP: 2/2
   727 | D:2      | Found an ancient bone altar of Kikubaaqudgha.
   790 | D:2      | Found a snail-covered altar of Cheibriados.
  1252 | D:2      | Reached XP level 4. HP: 37/37 MP: 3/3
  1339 | D:3      | Reached skill level 1 in Armour
  1866 | D:3      | Reached XP level 5. HP: 45/45 MP: 4/4
  1949 | D:3      | Found an opulent altar of Gozag.
  1951 | D:3      | Found a white marble altar of Elyvilon.
  2046 | D:3      | Found a sacrificial altar of Ru.
  2227 | D:4      | Noticed an ogre
  2235 | D:3      | Killed an ogre
  2235 | D:3      | Reached skill level 5 in Long Blades
  2235 | D:3      | Reached skill level 5 in Dodging
  2236 | D:3      | Reached XP level 6. HP: 34/51 MP: 5/5
  2678 | D:4      | Found a basalt altar of Yredelemnul.
  2703 | D:4      | Noticed Menkaure
  2707 | D:4      | Killed Menkaure
  2707 | D:4      | Reached skill level 6 in Long Blades
  2707 | D:4      | Reached XP level 7. HP: 17/58 MP: 6/6
  3016 | D:4      | Noticed Eustachio
  3024 | D:4      | Killed Eustachio
  3057 | D:4      | Reached skill level 5 in Armour
  3078 | D:4      | Found a glowing golden altar of the Shining One.
  3209 | D:4      | Noticed Grinder
  3239 | D:5      | Entered Level 5 of the Dungeon
  3268 | D:5      | Got a fine ring mail
  3279 | D:5      | Identified the +3 ring mail of Acwuyc {rPois Str+4 Dex+5}
                  | (You found it on level 5 of the Dungeon)
  3360 | D:5      | Found a radiant altar of Vehumet.
  3383 | D:5      | Reached skill level 7 in Long Blades
  3597 | D:5      | Reached XP level 8. HP: 67/67 MP: 7/7
  3809 | D:4      | Found a stormy altar of Qazlal.
  3882 | D:4      | Found a shimmering altar of Xom.
  4128 | D:4      | Killed Grinder
  4286 | D:6      | Found a glowing drain.
  4305 | D:6      | Reached skill level 8 in Long Blades
  4311 | Sewer    | Entered a sewer
  4983 | D:6      | Found a staircase to the Ecumenical Temple.
  4989 | Temple   | Entered the Ecumenical Temple
  5077 | Temple   | Became a worshipper of Dithmenos the Shadowed
  5096 | D:6      | Reached skill level 5 in Fighting
  5526 | D:7      | Noticed Prince Ribbit
  5533 | D:7      | Killed Prince Ribbit
  5533 | D:7      | Reached skill level 9 in Long Blades
  5550 | D:7      | Found a hide-covered altar of Uskayaw.
  5786 | D:7      | Reached XP level 9. HP: 72/74 MP: 8/8
  5835 | D:7      | Reached * piety under Dithmenos
  5955 | D:7      | Found a shattered altar of Ashenzari.
  5981 | D:7      | Reached skill level 10 in Long Blades
  6283 | D:7      | HP: 2/77 [wight/enchanted trident (2)]
  6951 | D:8      | Reached ** piety under Dithmenos
  7004 | D:8      | Reached skill level 11 in Long Blades
  7093 | D:8      | Reached XP level 10. HP: 80/86 MP: 7/9
  7308 | D:9      | Noticed a two-headed ogre
  7317 | D:9      | Killed a two-headed ogre
  7369 | D:9      | Found a staircase to the Orcish Mines.
  7534 | D:9      | Found a sacrificial altar of Ru.
  7798 | D:10     | Entered Level 10 of the Dungeon
  7886 | D:10     | Noticed Harold
  7888 | D:10     | Noticed Fannar
  7896 | D:10     | Killed Harold
  7896 | D:10     | Reached skill level 12 in Long Blades
  7913 | D:10     | Killed Fannar
  7924 | D:10     | Noticed an ice statue
  8010 | D:10     | Noticed a two-headed ogre
  8022 | D:10     | Killed a two-headed ogre
  8025 | D:10     | Got a faintly glowing leather armour
  8039 | D:10     | Identified the +1 leather armour of Mial {*Corrode rC+
                  | Str+5 Dex+2} (You found it on level 10 of the Dungeon)
  8112 | D:10     | Reached *** piety under Dithmenos
  8179 | D:10     | Noticed Erica
  8189 | D:10     | Killed Erica
  8189 | D:10     | Reached XP level 11. HP: 97/97 MP: 10/10
  8224 | D:10     | Reached skill level 10 in Dodging
  8664 | D:11     | Reached skill level 13 in Long Blades
  8703 | D:11     | Found a labyrinth entrance.
  8729 | Lab      | Entered a labyrinth
  9049 | Lab      | Noticed a minotaur
  9057 | Lab      | Killed a minotaur
  9062 | Lab      | Got a slimy zirconium amulet
  9064 | Lab      | Identified the amulet "Tunuf Mas" {Harm *Drain Stlth+} (You
                  | found it in a labyrinth)
  9082 | Lab      | Identified a +0 pair of boots of running (You found it in a
                  | labyrinth)
  9146 | D:11     | Noticed a five-headed hydra
  9151 | D:11     | Killed a three-headed hydra
  9192 | D:11     | Found a staircase to the Lair.
  9193 | D:11     | Reached skill level 10 in Fighting
  9220 | Lair:1   | Entered Level 1 of the Lair of Beasts
  9228 | Lair:1   | Noticed Nergalle
  9243 | Lair:1   | Killed Nergalle
  9243 | Lair:1   | Reached skill level 14 in Long Blades
  9739 | Lair:1   | Found a hide-covered altar of Uskayaw.
 10502 | Lair:2   | Reached **** piety under Dithmenos
 10542 | Lair:2   | Noticed a four-headed hydra
 10549 | Lair:2   | Killed a two-headed hydra
 10549 | Lair:2   | Reached XP level 12. HP: 77/108 MP: 11/11
 11399 | Lair:3   | Noticed a five-headed hydra
 11408 | Lair:3   | Killed a three-headed hydra
 11408 | Lair:3   | Reached skill level 15 in Long Blades
 11437 | Lair:3   | Reached skill level 1 in Stealth
 11464 | Lair:3   | Noticed Gastronok
 11473 | Lair:3   | Killed Gastronok
 11876 | Lair:3   | Noticed a fire dragon
 11888 | Lair:3   | Killed a fire dragon
 12134 | Lair:3   | Found a staircase to the Swamp.
 12517 | Lair:4   | Found a staircase to the Snake Pit.
 12641 | Lair:4   | Noticed a five-headed hydra
 12646 | Lair:4   | Killed a four-headed hydra
 12646 | Lair:4   | Reached XP level 13. HP: 113/119 MP: 12/12
 13091 | Lair:5   | Identified a scroll of acquirement
 13262 | Lair:5   | Reached skill level 1 in Evocations
 13306 | Lair:5   | Reached ***** piety under Dithmenos
 13306 | Lair:5   | Reached skill level 10 in Armour
 13718 | Lair:6   | Entered Level 6 of the Lair of Beasts
 13719 | Lair:6   | Noticed Sonja
 13736 | Lair:6   | Killed Sonja
 13753 | Lair:6   | Noticed Urug
 13758 | Lair:6   | Killed Urug
 13897 | Lair:6   | Noticed Nessos
 13993 | Lair:6   | Noticed Nessos
 13993 | Lair:6   | Nessos changed into Nessos the meliai
 13995 | Lair:6   | Killed Nessos the meliai
 14000 | Lair:6   | Slain by a swamp worm

Skill      XL: |  1  2  3  4  5  6  7  8  9 10 11 12 13 |
---------------+----------------------------------------+-----
Long Blades    | 4 5 6 7 9 11 12 14 15 | 15.9
Dodging        | 4 5 6 7 8 9 11 12 | 12.3
Armour         | 1 3 4 5 6 7 8 9 10 | 10.0
Fighting       | 3 4 5 7 9 10 12 13 | 13.1
Stealth        | 3 4 |  4.3
Evocations     | 1 |  1.1
Throwing       | |  2.0

Action                   |  1- 3 |  4- 6 |  7- 9 | 10-12 | 13-15 || total
-------------------------+-------+-------+-------+-------+-------++-------
Melee: Long sword        |    43 |    91 |   278 |   104 |       ||   516
       Headbutt          |    11 |    13 |    92 |   152 |    24 ||   292
       Scimitar          |       |       |       |   253 |    66 ||   319
 Fire: Shortbow          |       |       |       |    16 |       ||    16
Throw: Javelin           |     1 |       |     2 |       |       ||     3
       Throwing net      |       |       |     1 |     4 |       ||     5
Invok: Shadow Step       |       |       |       |     1 |       ||     1
Evoke: Wand              |       |       |       |     8 |     3 ||    11
  Use: Scroll            |       |     6 |     3 |    10 |     8 ||    27
       Potion            |       |     1 |     2 |     3 |     3 ||     9
 Stab: Sleeping          |       |       |     1 |     9 |     9 ||    19
       Held in net/web   |       |       |       |     3 |       ||     3
       Distracted        |       |       |       |     2 |     1 ||     3
  Eat: Chunk             |       |     6 |    14 |    11 |     4 ||    35
       Ration            |       |       |       |     2 |       ||     2
Armor: Leather armour    |    10 |       |       |       |       ||    10
       Ring mail         |     1 |    30 |    79 |    67 |    15 ||   192
Dodge: Dodged            |    44 |    78 |   236 |   260 |    55 ||   673
       Deflected         |       |       |       |       |     5 ||     5
       Rpst.: Long sword |     8 |    16 |    65 |    26 |       ||   115
       Scimitar          |       |       |       |    35 |    10 ||    45
